Map: Echo LE (Void)

Players

Elmian

  • Race: Zerg Zerg
  • League: Diamond
  • Spawn Location: 5:00

Musumeci - Winner!

  • Race: Zerg Zerg
  • League: Diamond
  • Spawn Location: 11:00

VOD

Have the link to the VOD?

Description

Time

  • Played on: Dec. 30, 2016, 2:57 p.m.
  • Length: 7:57
Show
View Real Time Build Order
Export as new Build Order

Elmian Zerg 

Build Orders: Hatch First 

Get SALT Encoding   

  12  0:00  Drone  
  13  0:08  Drone  
  14  0:17  Overlord  
  14  0:35  Drone  
  14  0:36  Drone x2  
  17  0:47  Drone  
  18  0:57  Hatchery  
  18  1:00  Drone  
  18  1:08  Extractor  
  17  1:16  Spawning Pool  
  17  1:19  Drone, Extractor  
  17  1:29  Drone  
  17  1:30  Drone  
  19  1:42  Drone  
  20  1:52  Overlord  
  20  2:03  Queen  
  22  2:11  Zergling x4  
  22  2:14  Queen  
  22  2:15  Drone  
  27  2:22  Drone  
  28  2:27  Drone  
  29  2:34  Zergling x2  
  30  2:45  Drone x3  
  33  2:52  Baneling Nest  
  31  3:06  Zergling x8  
  35  3:18  Spine Crawler  
  35  3:19  Overlord x2  
  34  3:20  Overlord  
  34  3:30  Metabolic Boost  
  34  3:34  Overlord x2  
  34  3:37  Queen  
  34  3:39  Burrow  
  36  3:43  Drone, Roach Warren  
  36  3:50  Baneling x2  
  36  3:54  Drone  
  36  3:55  Drone x2  
  39  4:00  Drone x2  
  39  4:02  Drone  
  42  4:16  Zergling x2  
  42  4:17  Zergling x8  
  44  4:25  Zergling x8  
  48  4:35  Zergling x4  
  48  4:37  Baneling  
  49  4:56  Zergling x4  
  49  4:59  Drone x5  
  44  5:02  Queen  
  44  5:05  Roach  
  46  5:09  Roach  
  46  5:12  Roach  
  38  5:28  Roach x2  
  38  5:33  Roach  
  36  5:38  Roach x2  
  36  5:39  Roach  
  36  5:42  Roach  
  44  5:48  Roach x2  
  46  5:57  Roach  
  48  5:58  Zergling x2  
  46  6:05  Drone  
  46  6:10  Drone  
  42  6:17  Drone  
  43  6:24  Drone  
  44  6:34  Drone x2  
  46  6:40  Baneling x2  
  46  6:41  Drone x2  
  46  6:45  Queen  
  50  6:48  Queen  
  51  7:18  Drone x5  
  51  7:19  Drone  
  57  7:38  Roach  
Show
View Real Time Build Order
Export as new Build Order

Musumeci Zerg - Winner!

Build Orders: Hatch First, Zergling Baneling 

Get SALT Encoding   

  12  0:03  Drone  
  13  0:08  Drone  
  14  0:17  Drone, Extractor  
  15  0:26  Overlord  
  15  0:44  Drone x2  
  15  0:46  Drone  
  18  1:02  Hatchery  
  17  1:09  Evolution Chamber  
  16  1:13  Extractor  
  15  1:21  Spawning Pool  
  15  1:24  Evolution Chamber  
  14  1:26  Drone  
  14  1:29  Drone  
  14  1:32  Drone  
  17  1:45  Drone  
  18  1:48  Drone  
  19  2:10  Queen  
  19  2:14  Queen  
  23  2:16  Metabolic Boost  
  23  2:18  Zergling x4  
  25  2:24  Overlord  
  25  2:27  Zergling x2  
  26  2:31  Zergling x2  
  27  2:40  Zergling x2, Baneling Nest  
  27  3:02  Zergling x2  
  27  3:03  Zergling x8  
  31  3:24  Zergling x14  
  34  3:36  Zergling x4  
  35  3:52  Overlord  
  35  3:54  Baneling  
  35  3:55  Baneling x3  
  35  3:56  Baneling  
  34  4:36  Baneling x5  
  34  4:37  Zergling x22  
  35  5:02  Zergling x8  
  35  5:03  Zergling x4  
  40  5:10  Evolution Chamber  
  31  5:44  Baneling x2  
  31  5:45  Baneling  
  31  5:47  Zergling x18  
  31  5:48  Zergling x4  
  32  6:15  Zergling x12  
  37  6:26  Zergling x2  
  37  6:27  Zergling x2  
  37  6:31  Zergling x2  
  39  6:43  Zergling x8  
  39  6:45  Overlord  
  42  7:18  Zergling x12  
  42  7:19  Zergling x8  
  52  7:25  Overlord  
Tags
 
Add a new tag
Caveats
  • Supply blocks, unpowered buildings, or Contaminate may cause inaccurate times.
  • Supply counts are checked every 10 seconds.